 Dungeon Crawl Stone Soup version 0.28-a0-8-g6e044cfa68 (webtiles) character file.

Game seed: 16675432312528552420

8706 MacCMillion the Fighter (level 11, -7/72 HPs)
             Began as a Gargoyle Ice Elementalist on July 23, 2021.
             Was a Priest of Nemelex Xobeh.
             Mangled by a tentacle (14 damage)
             ... attached to a kraken
             ... on level 2 of the Abyss on July 24, 2021.
             The game lasted 00:54:04 (13472 turns).

MacCMillion the Fighter (GrIE)                     Turns: 13472, Time: 00:54:05

Health: -7/72      AC: 18    Str: 14    XL:     11   Next: 35%
Magic:  18/18      EV: 12    Int: 17    God:    Nemelex Xobeh [***...]
Gold:   513        SH:  0    Dex: 10    Spells: 13/20 levels left

rFire   . . .      SeeInvis .   x - +2 mace (holy)
rCold   . . .      Faith    .   (no shield)
rNeg    + . .      Spirit   .   T - +4 robe "Fehuakix" {Slay+4}
rPois   ∞          Reflect  .   (no helmet)
rElec   +          Harm     .   (no cloak)
rCorr   .          Rampage  .   C - +2 pair of gloves
Will    .....                   (no boots)
Stlth   +.........              f - amulet of magic regeneration
HPRegen 0.22/turn               (no ring)
MPRegen 0.41/turn               (no ring)

@: studying Hexes, very slow
A: sickness immunity, AC +8, negative energy resistance 1, electricity
resistance, torment resistance 1, petrification resistance
a: Renounce Religion, Draw Escape, Draw Destruction, Draw Summoning, Triple Draw


You were on level 2 of the Abyss.
You worshipped Nemelex Xobeh.
Nemelex Xobeh was most pleased with you.
You visited 2 branches of the dungeon, and saw 11 of its levels.
You visited the Abyss 1 time.

You collected 513 gold pieces.

Inventory:

Hand Weapons
 h - a +4 short sword
 w - a +1 vorpal mace
 x - a +2 mace of holy wrath (weapon)
 H - a +2 vampiric short sword
 L - a +3 short sword of flaming
 O - a +1 long sword of flaming
 Q - the +3 spear of Victory {distort, *Rage MP+9 Str+4}
   (You found it on level 8 of the Dungeon)

   It warps and distorts space around it, and may blink, banish, or inflict
   extra damage upon those it strikes.
   Unwielding it can cause banishment or high damage.
   Str:       It affects your strength (+4).
   MP:        It affects your magic capacity (+9).
   *Rage:     It may make you go berserk in combat.
 R - a +1 whip of freezing
 U - a +2 mace of draining
 V - a +2 dagger of pain
Missiles
 M - a curare-tipped dart
Armour
 a - a +0 robe
 t - a +0 leather armour
 u - a +0 scale mail
 C - a +2 pair of gloves (worn)
 D - a +0 cloak
 G - a +0 ring mail
 P - +1 acid dragon scales
 T - the +4 robe "Fehuakix" (worn) {Slay+4}
   (You found it on level 8 of the Dungeon)

   Slay:      It affects your accuracy & damage with ranged weapons and melee
   (+4).
Jewellery
 f - an amulet of magic regeneration (around neck)
 n - a ring of see invisible
 y - a ring of poison resistance
Wands
 o - a wand of flame (40)
 F - a wand of acid (9)
 S - a wand of iceblast (7)
Scrolls
 c - a scroll of immolation
 k - a scroll of magic mapping {unknown}
 l - 3 scrolls of enchant weapon
 q - 4 scrolls of amnesia
 v - a scroll of vulnerability {unknown}
 A - 3 scrolls of noise
 B - a scroll of enchant armour {unknown}
 J - a scroll of silence {unknown}
 K - a scroll of fog {unknown}
 N - a scroll of summoning {unknown}
Potions
 b - 4 potions of flight
 d - 2 potions of attraction
 e - 2 potions of haste
 g - 3 potions of curing {unknown}
 i - a potion of mutation {unknown}
 j - 3 potions of heal wounds
 p - 2 potions of cancellation {unknown}
 s - 3 potions of lignification {unknown}
 z - a potion of invisibility {unknown}
 E - a potion of ambrosia {unknown}
 I - a potion of magic {unknown}
 W - a potion of degeneration {unknown}


   Skills:
 - Level 10.1 Fighting
 - Level 0.3 Short Blades
 - Level 5.0 Maces & Flails
 + Level 8.1 Armour
 - Level 2.0 Dodging
 - Level 3.1 Stealth
 - Level 5.0 Spellcasting
 + Level 9.2 Ice Magic
 - Level 5.0 Evocations


You had 13 spell levels left.
You knew the following spells:

 Your Spells              Type           Power      Damage    Failure   Level
a - Freeze                Ice            100%       1d11      1%          1
b - Frozen Ramparts       Ice            70%        1d9       1%          3
c - Ozocubu's Armour      Ice            35%        N/A       1%          3

Your spell library contained the following spells:

 Spells                   Type           Power      Damage    Failure   Level
 Ensorcelled Hibernation  Hex/Ice        40%        N/A       3%          2
 Hailstorm                Conj/Ice       20%        3d6       22%         4
 Spider Form              Tmut/Pois      2%         N/A       38%         3
 Fireball                 Conj/Fire      2%         3d4       98%         5
 Iskenderun's Battlesphe  Conj           4%         2d6       98%         5
 Conjure Ball Lightning   Conj/Air       2%         3x3d6     100%        6
 Shadow Creatures         Summ           N/A        N/A       100%        6
 Orb of Destruction       Conj           2%         9d1       100%        7


Dungeon Overview and Level Annotations

Branches:
Dungeon (10/15)            Temple (1/1) D:4            Lair (0/6) D:8
    Orc: D:9-12

Altars:
Ashenzari
Cheibriados
Dithmenos
Elyvilon
Fedhas
Kikubaaqudgha
Makhleb
Nemelex Xobeh
Qazlal
Ru
Trog
Uskayaw
Vehumet
Wu Jian
Xom
Yredelemnul
Zin
The Shining One

Shops:
D:4 (

Annotations:
D:4 1 runed translucent door, Crazy Yiuf
D:10 Erolcha


Innate Abilities, Weirdness & Mutations

You are immune to sickness and miasma.
Your stone body is resilient. (AC +8)
You are immune to poison.
You resist negative energy. (rN+)
You are resistant to electric shocks. (rElec)
You are resistant to unholy torment.
You are immune to petrification.


Message History

The orange demon stings you but does no damage.
You enter the shallow water.
Moving in this stuff is going to be slow.
Tentacles burst out of the water!
The orange demon stings you but does no damage.
The large abomination closely misses you.
The smoke demon gestures at you. Something smites you!
The orange demon stings you from afar! 4 tentacles come into view.
Okay, then.
Okay, then.
You draw... (choose one card, ? for their descriptions) a - Velocity b - Velocity
c - the Elixir You have drawn the Elixir.
You begin rapidly regenerating health and magic.
You can no longer deal four cards at a time.
The large abomination hits you.
The tentacle slaps you but does no damage.
The tentacle misses you.
The tentacle slaps you but does no damage. x2
The orange demon stings you from afar.
Press: ? - help, v - describe, . - travel
Here: a tentacle Some shallow water.
Aiming: Freeze (safe; 1% risk of failure)
Press: ? - help, Q - select action, (/) - cycle Shift-Dir - straight line, f - large abomination
Aim: a large abomination
Okay, then.
The tentacle slaps you!
* * * LOW HITPOINT WARNING * * *
The tentacle slaps you but does no damage.
The large abomination hits you!
* * * LOW HITPOINT WARNING * * *
The tentacle slaps you.
* * * LOW HITPOINT WARNING * * *
The tentacle slaps you!
You die...
Your body glows with a rainbow of weird colours and disappears.

# .# .##.# #.... ## .#
## .#.##.#..# .##.#
.#....≈≈≈... .#..
.#.≈≈≈.≈≈.≈ #.#
######.≈≈≈≈≈≈≈≈. .#.###
#......≈.w≈≈≈≈≈≈
...#.####..X...≈.≈≈≈≈≈≈≈
X......# ..#...Xw≈≈≈∩≈≈≈
# .###..X......4@w≈X≈≈≈≈
#. # ####......4≈≈≈≈≈≈≈≈
. . #......≈≈≈≈..≈≈≈ .
.. #..#####.3≈≈.≈≈≈≈ ..
..#...## #.......≈.
.......## .#...##..# ##
#.. #..$#...#. # ..##..
#


You could see a kraken, a starcursed mass, an orange demon, a large abomination,
3 tentacles, a rust devil and a smoke demon.

Vanquished Creatures
  Harold (D:8)
  A two-headed ogre (D:10)
  Pikel (D:8)
  A centaur zombie (D:6)
  Maggie (D:8)
  A wyvern (D:9)
  15 yaks (D:9)
  A steam dragon (D:8)
  A water moccasin (D:8)
  Duvessa (D:7)
  3 orc warriors
  2 ice beasts (D:7)
  5 ogres
  2 sky beasts
  2 centaurs
  A lemure (D:8)
  2 phantoms
  A kobold brigand (D:7)
  5 bullfrogs
  7 scorpions
  Dowan (D:7)
  A wyvern zombie (D:8)
  A wyvern skeleton (D:7)
  8 killer bees (D:9)
  3 howler monkeys
  A centaur skeleton (D:4)
  A bullfrog zombie (D:7)
  3 jellies
  4 orc priests
  3 hounds
  2 iguanas
  5 orc wizards
  A killer bee zombie (D:9)
  2 hound skeletons
  3 howler monkey zombies
  5 adders
  3 gnolls (D:8)
  A white imp (D:5)
  2 ufetubi
  An adder skeleton (D:4)
  3 dart slugs
  19 orcs
  5 ball pythons
  2 endoplasms
  3 giant cockroaches
  6 goblins
  4 hobgoblins
  3 jackals
  8 quokkas
  6 bats
  A frilled lizard (D:2)
  15 kobolds
  6 rats
186 creatures vanquished.

Vanquished Creatures (others)
  A tentacle (Abyss:2)
1 creature vanquished.

Grand Total: 187 creatures vanquished

Notes
Turn   | Place    | Note
-------+----------+-------------------------------------------
     0 | D:1      | MacCMillion the Gargoyle Ice Elementalist began the quest
                  | for the Orb.
     0 | D:1      | Reached XP level 1. HP: 10/10 MP: 3/3
   200 | D:1      | Found a faded altar of an unknown god.
   464 | D:1      | Reached XP level 2. HP: 7/15 MP: 1/5
  1593 | D:2      | Reached XP level 3. HP: 19/19 MP: 2/6
  2257 | D:3      | Reached XP level 4. HP: 22/24 MP: 6/8
  3082 | D:4      | Noticed an ogre
  3224 | D:4      | Noticed an ogre
  3448 | D:4      | Reached XP level 5. HP: 8/28 MP: 4/10
  3689 | D:4      | Reached skill level 5 in Ice Magic
  4084 | D:3      | Learned a level 3 spell: Frozen Ramparts
  4088 | D:3      | Learned a level 3 spell: Ozocubu's Armour
  4172 | D:4      | Found a white marble altar of Elyvilon.
  4259 | D:4      | Found a burning altar of Makhleb.
  4260 | D:4      | Found a snail-covered altar of Cheibriados.
  4317 | D:4      | Found a sparkling altar of Nemelex Xobeh.
  4448 | D:4      | Found a runed translucent door.
  4449 | D:4      | Noticed Crazy Yiuf
  4495 | D:4      | Found Osyt's Weapon Emporium.
  4533 | D:4      | Reached XP level 6. HP: 22/32 MP: 11/11
  4851 | D:4      | Found a staircase to the Ecumenical Temple.
  4873 | Temple   | Entered the Ecumenical Temple
  5003 | D:4      | Became a worshipper of Nemelex Xobeh the Trickster
  5034 | D:4      | Reached XP level 7. HP: 36/36 MP: 5/12
  5419 | D:5      | Entered Level 5 of the Dungeon
  5946 | D:5      | Reached XP level 8. HP: 38/41 MP: 10/13
  6143 | D:5      | You fall into a shaft and drop 3 floors!
  6180 | D:8      | Noticed Maggie
  6491 | D:6      | Reached * piety under Nemelex Xobeh
  6517 | D:5      | Reached skill level 1 in Fighting
  6661 | D:5      | Reached skill level 2 in Fighting
  6885 | D:5      | Reached skill level 3 in Fighting
  7600 | D:6      | Reached skill level 4 in Fighting
  7802 | D:6      | Reached skill level 5 in Fighting
  7932 | D:6      | Received a gift from Nemelex Xobeh
  7988 | D:6      | Reached skill level 7 in Fighting
  7988 | D:6      | Reached XP level 9. HP: 47/57 MP: 14/14
  8179 | D:6      | Reached skill level 8 in Fighting
  8626 | D:7      | Found a shimmering altar of Xom.
  8635 | D:7      | Reached ** piety under Nemelex Xobeh
  8752 | D:7      | Received a gift from Nemelex Xobeh
  8992 | D:7      | Reached skill level 9 in Fighting
  9105 | D:7      | Noticed Duvessa
  9111 | D:7      | Killed Duvessa
  9189 | D:7      | Noticed Dowan
  9194 | D:7      | Killed Dowan
  9198 | D:7      | Reached skill level 10 in Fighting
  9364 | D:7      | Reached skill level 1 in Armour
  9562 | D:8      | Reached skill level 1 in Maces & Flails
  9665 | D:8      | Killed Maggie
  9666 | D:8      | Reached XP level 10. HP: 67/68 MP: 3/15
  9838 | D:8      | Identified the +3 spear of Victory {distort, *Rage MP+9
                  | Str+4}
  9992 | D:8      | Noticed Pikel
 10075 | D:8      | Killed Pikel
 10258 | D:8      | Noticed Harold
 10515 | D:8      | Killed Harold
 10516 | D:8      | Reached skill level 5 in Maces & Flails
 10516 | D:8      | Reached skill level 5 in Armour
 10808 | D:8      | Found an ancient bone altar of Kikubaaqudgha.
 10839 | D:8      | Found a staircase to the Lair.
 10846 | D:8      | Reached skill level 1 in Evocations
 10989 | D:8      | Identified the +4 robe "Fehuakix" {Slay+4}
 12069 | D:9      | Reached skill level 5 in Spellcasting
 12069 | D:9      | Reached XP level 11. HP: 53/72 MP: 6/18
 12497 | D:9      | Received a gift from Nemelex Xobeh
 12954 | D:9      | Reached *** piety under Nemelex Xobeh
 13047 | D:10     | Entered Level 10 of the Dungeon
 13069 | D:10     | Noticed a two-headed ogre
 13088 | D:10     | Killed a two-headed ogre
 13089 | D:10     | Reached skill level 5 in Evocations
 13176 | D:10     | Noticed Erolcha
 13186 | D:10     | Cast into level 1 of the Abyss (Erolcha)
 13188 | Abyss:1  | Found a corrupted altar of Lugonu.
 13231 | Abyss:2  | Found a corrupted altar of Lugonu.
 13236 | Abyss:2  | Upgraded the game from 0.28-a0-6-g334057b17a to
                  | 0.28-a0-8-g6e044cfa68
 13247 | Abyss:2  | Noticed a large abomination
 13250 | Abyss:2  | Noticed a spatial maelstrom
 13255 | Abyss:2  | Noticed a thrashing horror
 13270 | Abyss:2  | Noticed a vampire mage
 13324 | Abyss:2  | Noticed a large abomination
 13414 | Abyss:2  | Reached **** piety under Nemelex Xobeh
 13420 | Abyss:2  | Noticed a starcursed mass
 13447 | Abyss:2  | Noticed a large abomination
 13466 | Abyss:2  | Noticed a kraken
 13472 | Abyss:2  | Mangled by a tentacle

Illustrated notes

Levels and vault maps discovered:
D:1:      sevenhm_arrival_forest_fort_large_4, layout_basic,
          shapermc_ecumenical_altar_mp_highgroup, minmay_indecisive_spiral
D:2:      layout_rooms, minmay_tripent
D:3:      layout_basic
D:4:      layout_loops_ring, nemelex_spade_bored_becter, minitemple,
          minmay_temple_entry_drinking_statues, serial_shops, shop,
          eino_small_chamber_without_monster, minmay_misc_feat_secret_circle,
          uniq_crazy_yiuf_cottage
D:5:      layout_cave_pools, st_stairs_6
D:6:      layout_cave_pools
D:7:      layout_basic, xom_teletrap_fun, uniq_duvessa
D:8:      layout_layer_cave, nicolae_kikubaaqudgha_miasma_corner,
          lair_entry_dummy, uniq_pikel, uniq_maggie, uniq_harold
D:9:      layout_irregular_city, serial_column_ruins, column_ruins_grid_1,
          column_ruins_open_medium, column_ruins_grid_3,
          column_ruins_corridor_corner, column_ruins_columns_straight,
          column_ruins_grid_4
D:10:     layout_stronghold, mainiacjoe_overflow_24_doors,
          amcnicky_altar_gilded, worldfamousw_hep_ancestral_shrine,
          nicolae_gozag_cash_rules_everything_around_me, hiddenorc1_lemuel,
          uniq_erolcha
Temple:   nicolae_temple_x_marks_the_god
Abyss:2:  base: D:2, base: D:2, gammafunk_abyss_exit_x_factor,
          evilmike_abyss_exit_kraken

Skill      XL: |  1  2  3  4  5  6  7  8  9 10 11 |
---------------+----------------------------------+-----
Spellcasting   | 3 5 |  5.0
Dodging        | 2 |  2.0
Stealth        | 3 |  3.1
Ice Magic      | 5 7 8 9 |  9.2
Fighting       | 7 10 | 10.1
Armour         | 3 6 8 |  8.1
Maces & Flails | 2 5 |  5.0
Evocations     | 3 5 |  5.0
Short Blades   | |  0.3

Action                   |  1- 3 |  4- 6 |  7- 9 | 10-12 || total
-------------------------+-------+-------+-------+-------++-------
Melee: Dagger            |     1 |       |       |       ||     1
       Short sword       |     5 |    20 |    45 |       ||    70
       Mace              |       |    11 |    37 |    39 ||    87
 Cast: Freeze            |    52 |    58 |   118 |   104 ||   332
       Frozen Ramparts   |       |     2 |    14 |    14 ||    30
       Ozocubu's Armour  |       |     2 |     6 |     3 ||    11
Invok: Triple Draw       |       |       |       |     1 ||     1
       Draw Escape       |       |       |       |     1 ||     1
Evoke: Wand              |       |       |       |     1 ||     1
  Use: Scroll            |       |       |       |    10 ||    10
 Stab: Sleeping          |     1 |     3 |     2 |     1 ||     7
Armor: Robe              |     6 |    10 |       |    67 ||    83
       Skin              |       |    22 |    31 |       ||    53
       Ring mail         |       |       |    88 |       ||    88
       Acid dragon scale |       |       |       |    19 ||    19
Dodge: Dodged            |    21 |    63 |    94 |   102 ||   280

Table legend: (Time is in decaauts)
 A = Elapsed time spent in this place.
 B = Non-inter-level travel time spent in this place.
 C = Inter-level travel time spent in this place.
 D = Time resting spent in this place.
 E = Time spent auto-exploring this place.
 F = Levels seen in this place.
 G = Mean time per level.
                   A        B        C        D        E       F      G
               +--------+--------+--------+--------+--------+-----+--------+
         Total |  13518 |  12917 |    601 |   2774 |   7760 |  13 | 1039.8 |
       Dungeon |  13161 |  12560 |    601 |   2761 |   7710 |  10 | 1316.1 |
        Temple |     69 |     69 |      0 |      0 |     50 |   1 |   69.0 |
         Abyss |    287 |    287 |      0 |     13 |      0 |   2 |  143.5 |
               +--------+--------+--------+--------+--------+-----+--------+

Top non-repeatable levels by time:
     D:8: 1931 daAuts
     D:4: 1744 daAuts
     D:5: 1652 daAuts
     D:3: 1601 daAuts
     D:7: 1565 daAuts
     D:1: 1361 daAuts
     D:9: 1302 daAuts
     D:6: 977 daAuts
     D:2: 885 daAuts
 Abyss:2: 265 daAuts
    D:10: 139 daAuts
  Temple: 69 daAuts
 Abyss:1: 21 daAuts
